 Dungeon Crawl Stone Soup version 0.21-a0-634-gaf8bc5d (webtiles) character file.

36 Charly the Insei (level 3, -5/27 HPs)
             Began as a Demonspawn Transmuter on Dec 30, 2017.
             Slain by Sigmund
             ... wielding a +3 scythe of venom
              (6 damage)
             ... on level 2 of the Dungeon.
             The game lasted 00:03:06 (1041 turns).

Charly the Insei (Demonspawn Transmuter)            Turns: 1041, Time: 00:03:06

Health: -5/27      AC:  3    Str: 11    XL:     3   Next: 19%
Magic:  5/6        EV: 12    Int: 14    God:
Gold:   62         SH:  0    Dex: 13    Spells: 0/6 levels left

rFire    . . .     SeeInvis .     - Unarmed
rCold    . . .     Gourm    .   (no shield)
rNeg     . . .     Faith    .   b - +0 robe
rPois    .         Spirit   .   i - +0 helmet
rElec    .         Reflect  .   (no cloak)
rCorr    +         Harm     .   (no gloves)
MR       .....                  (no boots)
Stlth    ++........             (no amulet)
HPRegen  0.09/turn              h - ring of resist corrosion
MPRegen  0.10/turn              (no ring)

@: confused, lethally poisoned (-5 -> -8), flying
A: nightstalker 1
a: no special abilities


You were on level 2 of the Dungeon.
You were very hungry.

You visited 1 branch of the dungeon, and saw 2 of its levels.

You collected 62 gold pieces.

Inventory:

Missiles
 a - 32 arrows
Armour
 b - a +0 robe (worn)
 i - a +0 helmet (worn)
Jewellery
 h - a ring of resist corrosion (left hand)
Scrolls
 e - a scroll of fog {unknown}
 f - a scroll of identify
Potions
 g - a potion of magic
Books
 c - a book of Changes

   Spells                             Type                      Level
   a - Beastly Appendage              Transmutation                1
   b - Sticks to Snakes               Transmutation                2
   c - Spider Form                    Transmutation/Poison         3
   d - Ice Form                       Ice/Transmutation            4
   e - Blade Hands                    Transmutation                5
Comestibles
 d - 5 rations


   Skills:
 - Level 1.9 Fighting
 - Level 1.7 Dodging
 - Level 3.5 Unarmed Combat
 + Level 2.0 Spellcasting
 * Level 1.7 Transmutations
 * Level 0.0 Poison Magic


You couldn't memorise any spells.
You knew the following spells:

 Your Spells              Type           Power        Failure   Level  Hunger
a - Beastly Appendage     Tmut           #.....       12%         1    ##.....
s - Sticks to Snakes      Tmut           #.......     17%         2    ###....
S - Spider Form           Tmut/Pois      #.........   43%         3    ####...


Dungeon Overview and Level Annotations

Branches:
Dungeon (2/15)

Altars:
Elyvilon

Annotations:
D:2 Sigmund


Innate Abilities, Weirdness & Mutations

You are slightly more attuned to the shadows.


Message History

* * * LOW HITPOINT WARNING * * *
You feel sick.
* * * LOW HITPOINT WARNING * * *
You feel sick.
You bump into the rock wall.
You feel less confused.
You are confused.
Your magical contamination has completely faded away.
You bump into the rock wall.
* * * LOW HITPOINT WARNING * * *
You feel sick.
You hear some strange, mumbled words.
Something tries to affect you, but you resist.
You hear some strange, mumbled words.
A puff of flame appears from out of thin air!
The puff of flame misses you.
You are feeling very hungry.
* * * LOW HITPOINT WARNING * * *
You feel sick. Something hits you.
You die...

♣♣.....♣♣ ♣♣.......♣♣
♣...≈≈≈...♣
#..≈≈≈≈≈..#
#..≈≈♣≈≈..#
#..≈≈≈≈≈..# #.#
#...≈≈≈.{.# .#.#
##........##...#
##...†..@.....#
###..........#
##.........####
#.........##.#######
#.........##.......#
#(........#........#
#.........#.#......##
####.####.#.#....(.#.
#.# #.#.#........


There were no monsters in sight!

Vanquished Creatures
  An ooze (D:2)
  2 leopard geckos
  2 bats (D:2)
  3 giant cockroaches
  3 goblins (D:1)
  3 hobgoblins
  3 frilled lizards
  8 kobolds
  3 rats
28 creatures vanquished.

Notes
Turn   | Place    | Note
-------+----------+-------------------------------------------
     0 | D:1      | Charly the Demonspawn Transmuter began the quest for the Orb.
     0 | D:1      | Reached XP level 1. HP: 15/15 MP: 3/3
   295 | D:1      | Reached skill level 3 in Unarmed Combat
   528 | D:1      | Gained mutation: You are slightly more attuned to the shadows. [demonic ancestry]
   528 | D:1      | Reached XP level 2. HP: 13/21 MP: 5/5
   574 | D:1      | Learned a level 2 spell: Sticks to Snakes
   987 | D:2      | Reached XP level 3. HP: 23/27 MP: 4/6
   999 | D:2      | Learned a level 3 spell: Spider Form
  1005 | D:2      | Found a white marble altar of Elyvilon.
  1015 | D:2      | Noticed Sigmund
  1037 | D:2      | HP: 1/27 [poisoned by Sigmund]
  1041 | D:2      | Slain by Sigmund

Vault maps used:
D:1:      onia_arrival_pyramid
D:2:      zin_treasury, elyvilon_altar_3, uniq_crazy_yiuf_cottage, uniq_sigmund

Skill      XL: |  1 |
---------------+----+-----
Unarmed Combat | 3 |  3.5
Fighting       | |  1.9
Dodging        | |  1.7
Spellcasting   | |  2.0
Transmutations | |  1.7

Action                   || total
-------------------------++-------
Melee: Unarmed           ||    88
       Kick              ||    11
       Headbutt          ||     3
 Cast: Beastly Appendage ||    16
       Sticks to Snakes  ||     1
  Use: Scroll            ||     2
       Potion            ||     1
 Stab: Sleeping          ||     4
       Distracted        ||     1
Armor: Robe              ||    17
Dodge: Dodged            ||    50

Table legend:
 A = Spawn XP
 B = Non-spawn XP
 C = Spawn XP percentage of total XP
 D = Spawn monster count
 E = Non-spawn monster count
 F = Spawn count percentage of total count
 G = Total turns spent on level
                    A         B        C        D         E        F      G
               +---------+---------+-------+---------+---------+-------+---------
         Total |       0 |      52 |   0.0 |       0 |      28 |   0.0 |  1041
               +---------+---------+-------+---------+---------+-------+---------
           D:1 |       0 |      27 |   0.0 |       0 |      17 |   0.0 |   772
           D:2 |       0 |      25 |   0.0 |       0 |      11 |   0.0 |   269
               +---------+---------+-------+---------+---------+-------+---------
